[ PARTIDA AOE2 · #459517773 ]
Team RMVikingos vs Vikings
[ ANÁLISIS DE REPETICIÓN · EXTRAÍDO DE LA PARTIDA GRABADA ]
Feudal
13:28
Castillos
17:45
Imperial
36:08
| APM promedio | 22.6 |
| APM pico | 55 |
| eAPM promedio | 17.3 |
| Aldeanos / militares | 159 / 172 |
Foco
⚔️ 26.4% · 🌾 73.6%
Berserk ×164 · Fishing Ship ×9 · Trebuchet (Packed) ×6 · Spearman ×2
Feudal
13:45
Castillos
18:59
Imperial
39:31
| APM promedio | 21.3 |
| APM pico | 37 |
| eAPM promedio | 13.4 |
| Aldeanos / militares | 119 / 55 |
Foco
⚔️ 24.3% · 🌾 75.7%
Archer ×45 · Fishing Ship ×9 · Magyar Huszar ×7 · Trebuchet (Packed) ×3
Feudal
12:35
Castillos
22:31
Imperial
46:42
| APM promedio | 33.3 |
| APM pico | 64 |
| eAPM promedio | 20.2 |
| Aldeanos / militares | 134 / 78 |
Foco
⚔️ 28.7% · 🌾 71.3%
Longboat ×43 · Galley ×16 · Fishing Ship ×13 · Fire Galley ×11 · Battering Ram ×4 · Archer ×2
Feudal
14:33
Castillos
24:05
Imperial
47:08
| APM promedio | 47.1 |
| APM pico | 76 |
| eAPM promedio | 26.8 |
| Aldeanos / militares | 127 / 154 |
Foco
⚔️ 40.9% · 🌾 59.1%
Spearman ×99 · Unknown (2626) ×24 · Fire Galley ×21 · Fishing Ship ×18 · Galley ×17 · Armored Elephant ×15
Feudal
13:50
Castillos
18:39
Imperial
—
| APM promedio | 45.0 |
| APM pico | 96 |
| eAPM promedio | 25.6 |
| Aldeanos / militares | 111 / 97 |
Foco
⚔️ 30.3% · 🌾 69.7%
Rattan Archer ×41 · Fire Lancer ×35 · Fire Galley ×11 · Fishing Ship ×8 · Battering Ram ×5 · Scorpion ×4
Feudal
13:31
Castillos
23:19
Imperial
45:46
| APM promedio | 32.6 |
| APM pico | 48 |
| eAPM promedio | 25.4 |
| Aldeanos / militares | 185 / 52 |
Foco
⚔️ 20.2% · 🌾 79.8%
Fishing Ship ×18 · Scout Cavalry ×12 · Knight ×11 · Konnik ×10 · Spearman ×5 · Battering Ram ×5
Feudal
12:19
Castillos
27:19
Imperial
41:58
| APM promedio | 27.3 |
| APM pico | 61 |
| eAPM promedio | 14.0 |
| Aldeanos / militares | 87 / 122 |
Foco
⚔️ 38.9% · 🌾 61.1%
Cavalry Archer ×57 · Hand Cannoneer ×30 · Scout Cavalry ×17 · Camel Archer ×13 · Fishing Ship ×12 · Archer ×3
Feudal
12:24
Castillos
23:50
Imperial
44:19
| APM promedio | 51.6 |
| APM pico | 105 |
| eAPM promedio | 30.5 |
| Aldeanos / militares | 216 / 50 |
Foco
⚔️ 26.7% · 🌾 73.3%
Knight ×16 · Battering Ram ×9 · Fishing Ship ×7 · Demolition Raft ×7 · Scout Cavalry ×5 · Scorpion ×5
Mapa de la partida
Recursos al inicio + cada clic de construcción. Línea gruesa = muro · recuadro discontinuo = muro de casas detectado. 🟡 oro · ⚪ piedra · 🟢 bayas · 🔶 jabalí · ⭕ reliquia
Inputs por minuto
— Libet - - TigerBitePig
Build order — Libet
Primeras 150 de 451 acciones detectadas
| 0:08 | Construir | House |
| 0:17 | Construir | Town Center |
| 1:21 | Construir | Dock |
| 2:48 | Crear | Villager (Male) |
| 2:49 | Crear | Villager (Male) |
| 2:49 | Crear | Villager (Male) |
| 2:49 | Crear | Villager (Male) |
| 2:50 | Crear | Villager (Male) |
| 3:42 | Crear | Fishing Ship |
| 3:43 | Crear | Fishing Ship |
| 3:50 | Investigar | Loom |
| 4:38 | Crear | Fishing Ship |
| 5:14 | Crear | Fishing Ship |
| 5:35 | Crear | Villager (Male) |
| 5:35 | Crear | Villager (Male) |
| 5:46 | Crear | Fishing Ship |
| 5:55 | Construir | House |
| 6:09 | Crear | Villager (Male) |
| 6:40 | Crear | Villager (Male) |
| 7:07 | Crear | Villager (Male) |
| 7:09 | Crear | Fishing Ship |
| 7:22 | Crear | Villager (Male) |
| 7:45 | Crear | Fishing Ship |
| 7:57 | Crear | Villager (Male) |
| 8:04 | Construir | House |
| 8:06 | Crear | Villager (Male) |
| 8:30 | Crear | Villager (Male) |
| 8:30 | Crear | Villager (Male) |
| 8:51 | Crear | Villager (Male) |
| 9:00 | Construir | Mill |
| 9:23 | Crear | Villager (Male) |
| 9:28 | Crear | Fishing Ship |
| 9:28 | Crear | Fishing Ship |
| 9:37 | Construir | House |
| 9:40 | Crear | Villager (Male) |
| 10:01 | Crear | Villager (Male) |
| 10:05 | Construir | House |
| 10:24 | Crear | Villager (Male) |
| 11:11 | Construir | Mining Camp |
| 11:18 | Investigar | Feudal Age |
| 11:51 | Construir | Lumber Camp |
| 12:32 | Crear | Villager (Male) |
| 13:28 | Edad | Edad Feudal |
| 13:32 | Construir | Market |
| 13:47 | Crear | Villager (Male) |
| 14:36 | Construir | Blacksmith |
| 14:39 | Crear | Villager (Male) |
| 15:05 | Investigar | Castle Age |
| 15:38 | Investigar | Double-Bit Axe |
| 15:41 | Investigar | Horse Collar |
| 16:34 | Construir | Mining Camp |
| 16:48 | Crear | Villager (Male) |
| 16:49 | Crear | Villager (Male) |
| 17:37 | Crear | Villager (Male) |
| 17:45 | Edad | Edad de los Castillos |
| 17:46 | Investigar | Bow Saw |
| 18:06 | Construir | Town Center |
| 18:36 | Crear | Villager (Male) |
| 18:46 | Construir | Town Center |
| 18:57 | Construir | House |
| 19:04 | Construir | House |
| 19:11 | Construir | Palisade Wall |
| 19:15 | Crear | Villager (Male) |
| 19:22 | Construir | House |
| 19:23 | Construir | House |
| 19:32 | Construir | Farm |
| 19:36 | Construir | Farm |
| 19:43 | Construir | Farm |
| 19:46 | Construir | Farm |
| 20:14 | Crear | Villager (Male) |
| 20:14 | Crear | Villager (Male) |
| 20:15 | Crear | Villager (Male) |
| 20:15 | Crear | Villager (Male) |
| 20:17 | Construir | Farm |
| 20:20 | Construir | Farm |
| 20:26 | Construir | Farm |
| 20:27 | Construir | Farm |
| 20:28 | Construir | Farm |
| 20:34 | Crear | Villager (Male) |
| 20:35 | Crear | Villager (Male) |
| 20:35 | Crear | Villager (Male) |
| 20:48 | Construir | Farm |
| 20:54 | Construir | Farm |
| 21:01 | Construir | Farm |
| 21:05 | Construir | Farm |
| 21:06 | Crear | Villager (Male) |
| 21:06 | Crear | Villager (Male) |
| 21:12 | Construir | Farm |
| 21:15 | Construir | Farm |
| 21:19 | Construir | Farm |
| 21:27 | Crear | Villager (Male) |
| 21:31 | Crear | Villager (Male) |
| 21:32 | Crear | Villager (Male) |
| 21:32 | Crear | Villager (Male) |
| 21:36 | Crear | Villager (Male) |
| 21:36 | Crear | Villager (Male) |
| 21:40 | Construir | Farm |
| 21:44 | Construir | Farm |
| 21:54 | Crear | Villager (Male) |
| 21:54 | Crear | Villager (Male) |
| 21:54 | Crear | Villager (Male) |
| 22:06 | Construir | Farm |
| 22:08 | Crear | Villager (Male) |
| 22:08 | Crear | Villager (Male) |
| 22:12 | Construir | Farm |
| 22:23 | Construir | Farm |
| 22:28 | Construir | Farm |
| 22:31 | Investigar | Town Watch |
| 22:32 | Crear | Villager (Male) |
| 22:32 | Crear | Villager (Male) |
| 22:38 | Crear | Villager (Male) |
| 22:38 | Crear | Villager (Male) |
| 22:51 | Crear | Villager (Male) |
| 22:51 | Crear | Villager (Male) |
| 22:55 | Construir | Farm |
| 23:02 | Construir | Farm |
| 23:03 | Crear | Villager (Male) |
| 23:04 | Crear | Villager (Male) |
| 23:13 | Investigar | Stone Mining |
| 23:22 | Investigar | Gold Mining |
| 23:22 | Investigar | Gold Mining |
| 23:34 | Crear | Villager (Male) |
| 23:35 | Crear | Villager (Male) |
| 23:38 | Crear | Villager (Male) |
| 23:47 | Crear | Villager (Male) |
| 23:56 | Construir | Barracks |
| 23:58 | Crear | Villager (Male) |
| 23:58 | Crear | Villager (Male) |
| 24:03 | Crear | Villager (Male) |
| 24:08 | Crear | Villager (Male) |
| 24:21 | Construir | Farm |
| 24:32 | Construir | Farm |
| 24:32 | Construir | Farm |
| 24:34 | Construir | Farm |
| 24:35 | Crear | Villager (Male) |
| 24:35 | Crear | Villager (Male) |
| 24:36 | Crear | Villager (Male) |
| 24:36 | Crear | Villager (Male) |
| 24:42 | Construir | Farm |
| 24:58 | Crear | Villager (Male) |
| 25:05 | Construir | House |
| 25:10 | Construir | House |
| 25:13 | Construir | House |
| 25:14 | Construir | House |
| 25:15 | Construir | House |
| 25:17 | Crear | Villager (Male) |
| 25:17 | Crear | Villager (Male) |
| 25:26 | Construir | Market |
| 25:26 | Crear | Villager (Male) |
| 25:27 | Crear | Villager (Male) |
Build order — TigerBitePig
Primeras 150 de 305 acciones detectadas
| 0:43 | Construir | Town Center |
| 1:29 | Construir | Dock |
| 1:32 | Construir | House |
| 3:02 | Crear | Villager (Male) |
| 3:02 | Crear | Villager (Male) |
| 3:03 | Crear | Villager (Male) |
| 3:03 | Crear | Villager (Male) |
| 4:28 | Crear | Villager (Male) |
| 4:29 | Crear | Villager (Male) |
| 4:47 | Crear | Fishing Ship |
| 4:55 | Crear | Villager (Male) |
| 4:55 | Crear | Villager (Male) |
| 5:11 | Crear | Villager (Male) |
| 5:12 | Crear | Villager (Male) |
| 5:39 | Crear | Villager (Male) |
| 5:39 | Crear | Villager (Male) |
| 5:50 | Crear | Fishing Ship |
| 5:51 | Crear | Fishing Ship |
| 6:09 | Crear | Villager (Male) |
| 6:10 | Crear | Villager (Male) |
| 6:24 | Construir | House |
| 6:43 | Crear | Villager (Male) |
| 6:58 | Crear | Fishing Ship |
| 6:59 | Crear | Fishing Ship |
| 7:00 | Crear | Villager (Male) |
| 7:00 | Crear | Villager (Male) |
| 7:09 | Crear | Villager (Male) |
| 7:10 | Crear | Villager (Male) |
| 7:39 | Construir | House |
| 7:45 | Crear | Villager (Male) |
| 7:45 | Crear | Villager (Male) |
| 7:45 | Crear | Villager (Male) |
| 7:46 | Crear | Villager (Male) |
| 8:19 | Crear | Villager (Male) |
| 8:20 | Crear | Villager (Male) |
| 8:22 | Crear | Fishing Ship |
| 8:23 | Crear | Fishing Ship |
| 8:33 | Construir | House |
| 8:55 | Investigar | Loom |
| 8:55 | Crear | Villager (Male) |
| 9:01 | Crear | Villager (Male) |
| 9:01 | Crear | Villager (Male) |
| 9:02 | Crear | Villager (Male) |
| 9:42 | Construir | House |
| 9:47 | Crear | Fishing Ship |
| 9:47 | Crear | Fishing Ship |
| 9:52 | Construir | House |
| 10:37 | Construir | Palisade Wall |
| 10:49 | Construir | Mining Camp |
| 10:50 | Crear | Villager (Male) |
| 11:16 | Construir | Palisade Wall |
| 11:35 | Investigar | Feudal Age |
| 11:45 | Construir | Palisade Wall |
| 11:48 | Construir | Palisade Wall |
| 11:50 | Construir | Palisade Wall |
| 11:59 | Construir | Palisade Wall |
| 12:14 | Construir | House |
| 12:37 | Construir | House |
| 12:47 | Construir | Palisade Wall |
| 12:55 | Construir | Palisade Wall |
| 13:08 | Construir | Palisade Wall |
| 13:13 | Construir | Palisade Wall |
| 13:27 | Crear | Villager (Male) |
| 13:27 | Crear | Villager (Male) |
| 13:41 | Construir | Barracks |
| 13:45 | Edad | Edad Feudal |
| 13:53 | Construir | Building 796 |
| 14:12 | Construir | House |
| 14:16 | Crear | Villager (Male) |
| 14:23 | Construir | House |
| 14:37 | Crear | Villager (Male) |
| 14:51 | Construir | Blacksmith |
| 15:07 | Crear | Villager (Male) |
| 15:30 | Construir | Archery Range |
| 16:06 | Construir | Archery Range |
| 16:19 | Investigar | Castle Age |
| 16:25 | Construir | Lumber Camp |
| 16:34 | Construir | Building 796 |
| 16:40 | Crear | Archer |
| 16:41 | Crear | Archer |
| 17:13 | Construir | Mill |
| 17:24 | Crear | Archer ×2 |
| 17:48 | Construir | Farm |
| 17:49 | Construir | Farm |
| 17:50 | Construir | Farm |
| 18:08 | Construir | Farm |
| 18:21 | Construir | Farm |
| 18:24 | Crear | Archer ×2 |
| 18:38 | Construir | Farm |
| 18:57 | Construir | Farm |
| 18:59 | Edad | Edad de los Castillos |
| 19:11 | Construir | Farm |
| 19:22 | Crear | Villager (Male) |
| 19:27 | Construir | Farm |
| 19:43 | Investigar | Double-Bit Axe |
| 19:52 | Construir | Farm |
| 20:03 | Crear | Archer |
| 20:04 | Crear | Villager (Male) |
| 20:04 | Crear | Villager (Male) |
| 20:16 | Construir | Farm |
| 20:32 | Crear | Villager (Male) |
| 20:40 | Construir | House |
| 20:48 | Crear | Archer ×4 |
| 21:05 | Crear | Villager (Male) |
| 21:09 | Construir | Farm |
| 21:15 | Construir | House |
| 21:18 | Construir | House |
| 21:35 | Crear | Villager (Male) |
| 21:42 | Construir | Farm |
| 21:51 | Construir | Farm |
| 21:59 | Crear | Villager (Male) |
| 22:00 | Crear | Villager (Male) |
| 22:04 | Construir | House |
| 22:14 | Investigar | Fletching |
| 22:18 | Construir | Farm |
| 22:25 | Crear | Archer ×2 |
| 22:34 | Construir | House |
| 22:51 | Investigar | Horse Collar |
| 22:53 | Crear | Archer |
| 22:54 | Crear | Villager (Male) |
| 23:23 | Crear | Villager (Male) |
| 23:23 | Crear | Villager (Male) |
| 23:28 | Construir | Farm |
| 23:33 | Construir | Farm |
| 23:34 | Construir | Farm |
| 23:43 | Construir | House |
| 23:58 | Crear | Villager (Male) |
| 24:07 | Construir | Farm |
| 24:16 | Construir | House |
| 24:20 | Crear | Villager (Male) |
| 24:56 | Crear | Villager (Male) |
| 25:03 | Crear | Villager (Male) |
| 25:08 | Construir | House |
| 25:25 | Construir | Market |
| 25:30 | Crear | Villager (Male) |
| 25:32 | Crear | Archer ×2 |
| 25:42 | Construir | House |
| 25:58 | Crear | Villager (Male) |
| 26:00 | Construir | Farm |
| 26:09 | Crear | Villager (Male) |
| 26:10 | Crear | Archer |
| 26:24 | Crear | Archer ×2 |
| 27:22 | Construir | House |
| 27:44 | Investigar | Crossbowman (upgrade) |
| 27:46 | Crear | Archer |
| 27:50 | Investigar | Bodkin Arrow |
| 27:50 | Investigar | Padded Archer Armor |
| 27:55 | Crear | Villager (Male) |
| 27:57 | Crear | Villager (Male) |
| 28:00 | Investigar | Bow Saw |
Build order — AM | Nitto
Primeras 150 de 374 acciones detectadas
| 0:05 | Construir | House |
| 0:22 | Construir | Town Center |
| 2:07 | Construir | Dock |
| 2:37 | Crear | Villager (Male) |
| 2:38 | Crear | Villager (Male) |
| 2:38 | Crear | Villager (Male) |
| 2:38 | Crear | Villager (Male) |
| 2:52 | Investigar | Loom |
| 3:27 | Crear | Fishing Ship |
| 3:27 | Crear | Fishing Ship |
| 4:02 | Construir | House |
| 4:13 | Construir | House |
| 4:49 | Crear | Fishing Ship |
| 4:50 | Crear | Fishing Ship |
| 4:55 | Crear | Villager (Male) |
| 5:21 | Crear | Fishing Ship |
| 5:43 | Crear | Villager (Male) |
| 6:14 | Crear | Villager (Male) |
| 6:18 | Crear | Fishing Ship |
| 6:18 | Crear | Fishing Ship |
| 6:47 | Construir | House |
| 6:51 | Crear | Villager (Male) |
| 6:56 | Crear | Villager (Male) |
| 6:56 | Crear | Villager (Male) |
| 7:13 | Crear | Fishing Ship |
| 7:32 | Crear | Villager (Male) |
| 7:40 | Crear | Villager (Male) |
| 7:45 | Crear | Fishing Ship |
| 8:04 | Crear | Villager (Male) |
| 8:04 | Crear | Villager (Male) |
| 8:19 | Crear | Villager (Male) |
| 8:20 | Crear | Villager (Male) |
| 8:20 | Crear | Villager (Male) |
| 8:42 | Crear | Fishing Ship |
| 9:03 | Construir | House |
| 9:06 | Construir | Palisade Wall |
| 9:41 | Crear | Villager (Male) |
| 9:48 | Construir | Mining Camp |
| 10:16 | Crear | Villager (Male) |
| 10:25 | Investigar | Feudal Age |
| 10:30 | Construir | House |
| 10:57 | Crear | Fishing Ship |
| 11:28 | Construir | Dock |
| 11:38 | Construir | House |
| 11:48 | Construir | Lumber Camp |
| 12:05 | Crear | Villager (Male) |
| 12:31 | Crear | Villager (Male) |
| 12:35 | Edad | Edad Feudal |
| 12:42 | Construir | Blacksmith |
| 12:52 | Crear | Fire Galley |
| 12:52 | Crear | Fire Galley |
| 12:59 | Construir | House |
| 13:23 | Crear | Galley |
| 13:23 | Crear | Galley |
| 13:26 | Crear | Villager (Male) |
| 13:27 | Crear | Villager (Male) |
| 13:28 | Crear | Villager (Male) |
| 13:41 | Investigar | Fletching |
| 13:47 | Crear | Fire Galley |
| 14:04 | Crear | Villager (Male) |
| 14:21 | Crear | Galley |
| 14:26 | Investigar | Double-Bit Axe |
| 14:38 | Construir | House |
| 14:43 | Crear | Fire Galley |
| 15:01 | Crear | Galley |
| 15:01 | Crear | Galley |
| 15:05 | Crear | Villager (Male) |
| 15:18 | Crear | Villager (Male) |
| 15:26 | Construir | House |
| 15:27 | Construir | House |
| 15:29 | Construir | House |
| 15:35 | Crear | Villager (Male) |
| 15:39 | Crear | Galley |
| 16:04 | Crear | Fire Galley |
| 16:05 | Crear | Fire Galley |
| 16:07 | Crear | Villager (Male) |
| 16:21 | Construir | Mill |
| 17:06 | Crear | Villager (Male) |
| 17:06 | Crear | Villager (Male) |
| 17:07 | Crear | Villager (Male) |
| 17:15 | Construir | Market |
| 17:37 | Crear | Fire Galley |
| 17:38 | Crear | Fire Galley |
| 17:38 | Crear | Fire Galley |
| 18:00 | Crear | Fishing Ship |
| 18:00 | Crear | Fishing Ship |
| 18:10 | Crear | Villager (Male) |
| 18:36 | Construir | Dock |
| 18:45 | Crear | Villager (Male) |
| 18:48 | Construir | House |
| 18:50 | Construir | Palisade Wall |
| 19:19 | Construir | House |
| 19:21 | Construir | Palisade Wall |
| 19:23 | Construir | Palisade Wall |
| 19:51 | Investigar | Castle Age |
| 20:03 | Crear | Galley |
| 20:03 | Crear | Galley |
| 20:04 | Crear | Galley |
| 20:04 | Crear | Galley |
| 20:16 | Crear | Galley |
| 20:16 | Crear | Galley |
| 20:28 | Construir | House |
| 20:29 | Construir | House |
| 20:31 | Crear | Villager (Male) |
| 21:05 | Crear | Galley |
| 21:05 | Crear | Galley |
| 21:16 | Crear | Galley |
| 21:16 | Crear | Galley |
| 21:22 | Crear | Fire Galley |
| 21:22 | Crear | Fire Galley |
| 21:52 | Construir | Watch Tower |
| 21:57 | Construir | House |
| 21:58 | Construir | House |
| 22:02 | Construir | Palisade Wall |
| 22:09 | Construir | Fish Trap |
| 22:31 | Edad | Edad de los Castillos |
| 22:38 | Investigar | War Galley (upgrade) |
| 22:40 | Crear | Villager (Male) |
| 23:04 | Crear | Villager (Male) |
| 23:25 | Crear | Villager (Male) |
| 23:56 | Crear | Villager (Male) |
| 23:57 | Crear | Villager (Male) |
| 24:19 | Construir | Town Center |
| 24:26 | Construir | Town Center |
| 24:44 | Crear | Longboat |
| 24:44 | Crear | Longboat |
| 24:47 | Crear | Villager (Male) |
| 24:47 | Crear | Villager (Male) |
| 25:11 | Construir | House |
| 25:19 | Construir | Lumber Camp |
| 25:31 | Crear | Villager (Male) |
| 25:31 | Crear | Villager (Male) |
| 25:39 | Crear | Longboat |
| 25:40 | Crear | Longboat |
| 25:40 | Crear | Longboat |
| 25:56 | Construir | Palisade Gate |
| 26:03 | Investigar | Bodkin Arrow |
| 26:33 | Crear | Villager (Male) |
| 26:33 | Crear | Villager (Male) |
| 26:33 | Crear | Villager (Male) |
| 26:47 | Construir | Siege Workshop |
| 26:49 | Construir | House |
| 26:49 | Construir | House |
| 26:49 | Construir | House |
| 27:04 | Construir | University |
| 27:10 | Crear | Longboat |
| 27:10 | Crear | Longboat |
| 27:14 | Crear | Longboat |
| 27:14 | Crear | Longboat |
| 27:14 | Crear | Longboat |
Build order — omnomnomnivore
Primeras 150 de 390 acciones detectadas
| 0:08 | Construir | Town Center |
| 0:40 | Construir | Palisade Wall |
| 0:41 | Construir | Palisade Wall |
| 0:45 | Construir | Palisade Wall |
| 1:54 | Construir | Dock |
| 2:44 | Crear | Villager (Male) |
| 2:44 | Crear | Villager (Male) |
| 2:47 | Crear | Villager (Male) |
| 2:47 | Crear | Villager (Male) |
| 3:01 | Crear | Fishing Ship |
| 3:42 | Construir | House |
| 4:24 | Crear | Villager (Male) |
| 4:24 | Crear | Villager (Male) |
| 4:36 | Crear | Fishing Ship |
| 4:48 | Investigar | Loom |
| 5:06 | Crear | Fishing Ship |
| 5:17 | Crear | Villager (Male) |
| 5:17 | Crear | Villager (Male) |
| 5:51 | Construir | House |
| 5:56 | Crear | Villager (Male) |
| 5:56 | Crear | Villager (Male) |
| 6:06 | Crear | Fishing Ship |
| 6:34 | Crear | Villager (Male) |
| 7:06 | Crear | Villager (Male) |
| 7:07 | Crear | Villager (Male) |
| 7:15 | Construir | Lumber Camp |
| 7:40 | Crear | Villager (Male) |
| 7:41 | Crear | Villager (Male) |
| 7:51 | Crear | Villager (Male) |
| 8:06 | Crear | Villager (Male) |
| 8:15 | Construir | House |
| 8:20 | Construir | Dock |
| 8:26 | Crear | Villager (Male) |
| 8:30 | Crear | Fishing Ship |
| 9:06 | Crear | Villager (Male) |
| 9:32 | Crear | Villager (Male) |
| 9:43 | Crear | Fishing Ship |
| 9:43 | Crear | Fishing Ship |
| 9:54 | Crear | Villager (Male) |
| 9:59 | Crear | Fishing Ship |
| 10:16 | Crear | Villager (Male) |
| 10:26 | Construir | Mill |
| 10:35 | Construir | Mill |
| 10:43 | Crear | Villager (Male) |
| 10:47 | Construir | House |
| 10:49 | Crear | Fishing Ship |
| 10:49 | Crear | Fishing Ship |
| 10:55 | Crear | Fishing Ship |
| 11:15 | Construir | House |
| 11:22 | Crear | Villager (Male) |
| 11:34 | Crear | Fishing Ship |
| 11:35 | Crear | Fishing Ship |
| 11:46 | Construir | House |
| 11:51 | Crear | Villager (Male) |
| 12:18 | Construir | House |
| 12:23 | Investigar | Feudal Age |
| 12:40 | Crear | Villager (Male) |
| 13:09 | Construir | House |
| 13:16 | Construir | Mining Camp |
| 13:37 | Crear | Fishing Ship |
| 13:37 | Crear | Fishing Ship |
| 14:33 | Edad | Edad Feudal |
| 14:39 | Crear | Unit 2626 |
| 14:39 | Crear | Unit 2626 |
| 14:39 | Crear | Unit 2626 |
| 14:39 | Crear | Unit 2626 |
| 14:53 | Crear | Villager (Male) |
| 14:58 | Investigar | Double-Bit Axe |
| 15:16 | Crear | Villager (Male) |
| 15:45 | Crear | Unit 2626 |
| 15:46 | Crear | Unit 2626 |
| 15:55 | Crear | Villager (Male) |
| 15:56 | Crear | Villager (Male) |
| 16:10 | Construir | House |
| 16:12 | Construir | Palisade Wall |
| 16:31 | Construir | House |
| 16:41 | Crear | Villager (Male) |
| 16:46 | Construir | Palisade Wall |
| 16:50 | Construir | House |
| 16:58 | Construir | Palisade Wall |
| 17:00 | Construir | Palisade Wall |
| 17:12 | Crear | Villager (Male) |
| 17:13 | Crear | Villager (Male) |
| 17:14 | Construir | Blacksmith |
| 17:16 | Crear | Galley |
| 17:16 | Crear | Galley |
| 17:24 | Crear | Villager (Male) |
| 17:28 | Construir | Dock |
| 17:37 | Construir | House |
| 17:39 | Crear | Villager (Male) |
| 17:50 | Construir | Barracks |
| 17:52 | Construir | Palisade Wall |
| 18:03 | Investigar | Fletching |
| 18:16 | Investigar | Tech 906 |
| 18:45 | Crear | Galley |
| 18:45 | Crear | Galley |
| 18:45 | Crear | Galley |
| 18:45 | Crear | Galley |
| 18:55 | Construir | House |
| 18:57 | Construir | Dock |
| 19:02 | Crear | Villager (Male) |
| 19:03 | Crear | Spearman |
| 19:03 | Crear | Spearman |
| 19:26 | Crear | Galley |
| 19:29 | Crear | Unit 2626 |
| 19:29 | Crear | Unit 2626 |
| 19:29 | Crear | Unit 2626 |
| 19:31 | Crear | Villager (Male) |
| 19:32 | Crear | Villager (Male) |
| 19:51 | Crear | Unit 2626 |
| 19:52 | Crear | Unit 2626 |
| 19:52 | Crear | Unit 2626 |
| 20:01 | Construir | House |
| 20:12 | Crear | Villager (Male) |
| 20:22 | Construir | Market |
| 20:35 | Crear | Galley |
| 20:44 | Crear | Villager (Male) |
| 20:52 | Investigar | Gold Mining |
| 20:55 | Construir | House |
| 20:56 | Construir | House |
| 21:10 | Crear | Fire Galley ×2 |
| 21:13 | Crear | Villager (Male) |
| 21:13 | Crear | Villager (Male) |
| 21:23 | Investigar | Castle Age |
| 21:31 | Construir | House |
| 21:46 | Crear | Fire Galley ×3 |
| 22:31 | Crear | Galley ×3 |
| 22:34 | Crear | Villager (Male) |
| 22:46 | Crear | Spearman |
| 22:46 | Crear | Spearman |
| 22:56 | Construir | Dock |
| 23:09 | Construir | House |
| 23:18 | Construir | Mining Camp |
| 23:34 | Crear | Galley ×4 |
| 23:42 | Investigar | Forging |
| 23:43 | Investigar | Scale Mail Armor |
| 23:55 | Crear | Galley |
| 23:55 | Crear | Galley |
| 24:05 | Edad | Edad de los Castillos |
| 24:41 | Investigar | War Galley (upgrade) |
| 24:42 | Investigar | Gillnets |
| 24:43 | Crear | Villager (Male) |
| 24:44 | Crear | Villager (Male) |
| 24:48 | Crear | Villager (Male) |
| 24:52 | Construir | Town Center |
| 25:01 | Investigar | Bow Saw |
| 25:33 | Crear | Villager (Male) |
| 25:43 | Crear | Villager (Male) |
| 26:16 | Construir | Town Center |
| 26:20 | Investigar | Bodkin Arrow |
Build order — [PVS] ELCAPI
Primeras 150 de 344 acciones detectadas
| 0:04 | Construir | House |
| 0:33 | Construir | Town Center |
| 2:55 | Crear | Villager (Male) |
| 2:55 | Crear | Villager (Male) |
| 2:55 | Crear | Villager (Male) |
| 2:55 | Crear | Villager (Male) |
| 2:55 | Crear | Villager (Male) |
| 3:43 | Construir | House |
| 4:21 | Construir | Dock |
| 4:35 | Investigar | Loom |
| 4:35 | Investigar | Loom |
| 5:05 | Crear | Fishing Ship |
| 5:43 | Crear | Fishing Ship |
| 6:00 | Crear | Villager (Male) |
| 6:01 | Crear | Villager (Male) |
| 6:01 | Crear | Villager (Male) |
| 6:15 | Crear | Fishing Ship |
| 6:26 | Crear | Villager (Male) |
| 6:26 | Crear | Villager (Male) |
| 6:52 | Crear | Villager (Male) |
| 6:52 | Crear | Villager (Male) |
| 7:11 | Crear | Villager (Male) |
| 7:11 | Crear | Villager (Male) |
| 7:31 | Crear | Villager (Male) |
| 7:31 | Crear | Villager (Male) |
| 7:34 | Crear | Fishing Ship |
| 7:46 | Construir | House |
| 7:59 | Crear | Villager (Male) |
| 8:00 | Crear | Villager (Male) |
| 8:18 | Construir | House |
| 8:19 | Crear | Villager (Male) |
| 8:20 | Crear | Villager (Male) |
| 8:41 | Crear | Villager (Male) |
| 8:41 | Crear | Villager (Male) |
| 9:12 | Crear | Villager (Male) |
| 9:18 | Crear | Fishing Ship |
| 9:42 | Crear | Fishing Ship |
| 10:26 | Crear | Fishing Ship |
| 11:13 | Crear | Villager (Male) |
| 11:23 | Construir | Lumber Camp |
| 11:40 | Investigar | Feudal Age |
| 11:40 | Investigar | Feudal Age |
| 13:50 | Edad | Edad Feudal |
| 14:17 | Construir | Mill |
| 14:26 | Crear | Demolition Raft |
| 14:32 | Construir | House |
| 14:50 | Crear | Villager (Male) |
| 15:01 | Construir | Market |
| 15:09 | Construir | Blacksmith |
| 15:34 | Crear | Villager (Male) |
| 15:58 | Investigar | Castle Age |
| 16:09 | Construir | Barracks |
| 16:46 | Crear | Fire Galley |
| 16:47 | Crear | Fire Galley |
| 16:58 | Construir | House |
| 17:10 | Crear | Fire Galley |
| 17:37 | Crear | Villager (Male) |
| 18:30 | Crear | Fire Galley |
| 18:39 | Edad | Edad de los Castillos |
| 19:00 | Crear | Fire Galley |
| 19:00 | Crear | Fire Galley |
| 19:02 | Investigar | Tech 905 |
| 19:11 | Investigar | War Galley (upgrade) |
| 19:18 | Crear | Villager (Male) |
| 19:18 | Crear | Villager (Male) |
| 19:22 | Crear | Villager (Male) |
| 19:31 | Crear | Fire Lancer |
| 19:31 | Crear | Fire Lancer |
| 19:44 | Crear | Villager (Male) |
| 19:53 | Investigar | Double-Bit Axe |
| 19:53 | Investigar | Double-Bit Axe |
| 19:59 | Crear | Villager (Male) |
| 20:16 | Construir | House |
| 20:34 | Construir | Siege Workshop |
| 20:42 | Crear | Villager (Male) |
| 21:04 | Crear | Fire Galley |
| 21:12 | Crear | Villager (Male) |
| 21:16 | Construir | House |
| 21:55 | Crear | Battering Ram |
| 21:55 | Crear | Battering Ram |
| 21:55 | Crear | Battering Ram |
| 22:20 | Crear | Fire Galley |
| 22:21 | Crear | Fire Galley |
| 22:26 | Construir | House |
| 22:32 | Crear | Fire Lancer |
| 22:32 | Crear | Fire Lancer |
| 22:38 | Construir | House |
| 23:08 | Construir | House |
| 23:22 | Construir | Barracks |
| 23:30 | Investigar | Forging |
| 23:30 | Investigar | Forging |
| 23:40 | Crear | Villager (Male) |
| 23:40 | Crear | Villager (Male) |
| 23:51 | Crear | Fire Galley |
| 23:52 | Crear | Fire Galley |
| 24:11 | Crear | Fire Lancer |
| 24:11 | Crear | Fire Lancer |
| 24:12 | Crear | Fire Lancer |
| 24:33 | Construir | Farm |
| 24:35 | Construir | Farm |
| 24:45 | Crear | Fire Lancer |
| 24:46 | Crear | Fire Lancer |
| 25:13 | Crear | Fire Lancer |
| 25:13 | Crear | Fire Lancer |
| 25:21 | Crear | Villager (Male) |
| 25:24 | Construir | Lumber Camp |
| 25:37 | Crear | Fire Lancer |
| 25:37 | Crear | Fire Lancer |
| 25:37 | Crear | Fire Lancer |
| 25:37 | Crear | Fire Lancer |
| 25:48 | Crear | Villager (Male) |
| 26:05 | Investigar | Arson |
| 26:06 | Crear | Fire Lancer |
| 26:25 | Crear | Fire Lancer |
| 26:25 | Crear | Fire Lancer |
| 26:25 | Crear | Fire Lancer |
| 26:43 | Construir | House |
| 26:47 | Crear | Villager (Male) |
| 26:48 | Crear | Villager (Male) |
| 26:48 | Crear | Villager (Male) |
| 26:48 | Crear | Villager (Male) |
| 26:53 | Crear | Fishing Ship |
| 27:10 | Crear | Fire Lancer |
| 27:10 | Crear | Fire Lancer |
| 27:10 | Crear | Fire Lancer |
| 27:19 | Crear | Villager (Male) |
| 27:20 | Crear | Villager (Male) |
| 27:26 | Construir | Farm |
| 27:27 | Construir | Farm |
| 27:27 | Construir | Farm |
| 27:28 | Crear | Villager (Male) |
| 27:33 | Crear | Fire Lancer |
| 27:33 | Crear | Fire Lancer |
| 27:44 | Construir | House |
| 28:05 | Crear | Fire Lancer |
| 28:05 | Crear | Fire Lancer |
| 28:13 | Investigar | Scale Mail Armor |
| 28:25 | Crear | Fire Lancer |
| 28:25 | Crear | Fire Lancer |
| 28:52 | Crear | Fire Lancer |
| 28:52 | Crear | Fire Lancer |
| 29:03 | Crear | Villager (Male) |
| 29:06 | Construir | House |
| 29:33 | Investigar | Squires |
| 29:33 | Investigar | Squires |
| 29:34 | Crear | Fire Lancer |
| 29:34 | Crear | Fire Lancer |
| 29:36 | Crear | Villager (Male) |
| 29:58 | Crear | Battering Ram |
| 29:58 | Crear | Battering Ram |
Build order — Turkalibx
Primeras 150 de 450 acciones detectadas
| 0:09 | Construir | House |
| 0:29 | Construir | Town Center |
| 1:11 | Construir | Dock |
| 2:50 | Crear | Villager (Male) |
| 2:50 | Crear | Villager (Male) |
| 2:50 | Crear | Villager (Male) |
| 2:51 | Crear | Villager (Male) |
| 2:51 | Crear | Villager (Male) |
| 2:55 | Investigar | Loom |
| 3:32 | Crear | Fishing Ship |
| 3:56 | Crear | Villager (Male) |
| 3:56 | Crear | Villager (Male) |
| 4:47 | Crear | Fishing Ship |
| 5:01 | Crear | Villager (Male) |
| 5:01 | Crear | Villager (Male) |
| 5:46 | Crear | Villager (Male) |
| 5:47 | Crear | Villager (Male) |
| 6:07 | Crear | Fishing Ship |
| 6:13 | Crear | Villager (Male) |
| 6:13 | Crear | Villager (Male) |
| 6:23 | Crear | Villager (Male) |
| 6:23 | Crear | Villager (Male) |
| 6:41 | Construir | House |
| 6:50 | Crear | Villager (Male) |
| 7:10 | Construir | House |
| 7:24 | Crear | Villager (Male) |
| 7:24 | Crear | Villager (Male) |
| 7:25 | Crear | Villager (Male) |
| 7:35 | Crear | Fishing Ship |
| 7:59 | Crear | Villager (Male) |
| 7:59 | Crear | Villager (Male) |
| 8:07 | Crear | Villager (Male) |
| 8:07 | Crear | Villager (Male) |
| 8:09 | Crear | Fishing Ship |
| 8:24 | Crear | Villager (Male) |
| 8:24 | Crear | Villager (Male) |
| 8:43 | Crear | Fishing Ship |
| 9:08 | Construir | House |
| 9:14 | Crear | Villager (Male) |
| 9:23 | Construir | House |
| 10:09 | Construir | House |
| 10:19 | Crear | Fishing Ship |
| 10:51 | Crear | Villager (Male) |
| 10:56 | Construir | Mining Camp |
| 11:12 | Construir | House |
| 11:16 | Construir | Palisade Wall |
| 11:21 | Investigar | Feudal Age |
| 11:29 | Crear | Villager (Male) |
| 11:44 | Construir | House |
| 11:49 | Construir | Palisade Wall |
| 12:12 | Construir | Building 800 |
| 12:54 | Construir | Dock |
| 13:28 | Construir | House |
| 13:31 | Edad | Edad Feudal |
| 13:34 | Construir | House |
| 13:45 | Crear | Villager (Male) |
| 13:45 | Crear | Villager (Male) |
| 13:50 | Crear | Fire Galley |
| 14:17 | Construir | Blacksmith |
| 14:26 | Construir | Mill |
| 14:30 | Crear | Villager (Male) |
| 14:34 | Crear | Fire Galley |
| 14:43 | Crear | Villager (Male) |
| 14:43 | Crear | Villager (Male) |
| 14:54 | Construir | House |
| 15:06 | Construir | Palisade Wall |
| 15:15 | Crear | Villager (Male) |
| 15:24 | Crear | Fire Galley |
| 15:24 | Crear | Fire Galley |
| 15:42 | Construir | Palisade Gate |
| 15:47 | Construir | House |
| 15:51 | Construir | Stone Wall |
| 16:01 | Crear | Villager (Male) |
| 16:01 | Crear | Villager (Male) |
| 16:02 | Crear | Villager (Male) |
| 16:15 | Construir | Lumber Camp |
| 16:42 | Crear | Villager (Male) |
| 17:02 | Crear | Villager (Male) |
| 17:03 | Crear | Villager (Male) |
| 17:26 | Construir | Market |
| 17:31 | Construir | Palisade Wall |
| 17:32 | Construir | Palisade Wall |
| 17:33 | Construir | Palisade Wall |
| 17:47 | Construir | House |
| 17:56 | Construir | Watch Tower |
| 18:08 | Construir | Stone Wall |
| 18:46 | Construir | House |
| 18:57 | Crear | Villager (Male) |
| 19:24 | Crear | Villager (Male) |
| 19:24 | Crear | Villager (Male) |
| 19:24 | Crear | Villager (Male) |
| 19:25 | Crear | Villager (Male) |
| 19:25 | Crear | Villager (Male) |
| 19:45 | Construir | House |
| 20:25 | Investigar | Castle Age |
| 20:40 | Construir | Mining Camp |
| 20:49 | Construir | Barracks |
| 21:27 | Construir | Palisade Wall |
| 22:00 | Crear | Spearman |
| 22:00 | Crear | Spearman |
| 22:01 | Crear | Spearman |
| 22:01 | Crear | Spearman |
| 22:01 | Crear | Spearman |
| 22:39 | Construir | Watch Tower |
| 22:59 | Crear | Villager (Male) |
| 22:59 | Crear | Villager (Male) |
| 23:19 | Edad | Edad de los Castillos |
| 23:28 | Investigar | Fletching |
| 23:39 | Construir | Krepost |
| 24:06 | Construir | Krepost |
| 24:13 | Crear | Villager (Male) |
| 24:14 | Crear | Villager (Male) |
| 24:14 | Crear | Villager (Male) |
| 24:14 | Crear | Villager (Male) |
| 24:14 | Crear | Villager (Male) |
| 24:15 | Crear | Villager (Male) |
| 24:15 | Crear | Villager (Male) |
| 24:15 | Crear | Villager (Male) |
| 24:23 | Construir | Town Center |
| 24:27 | Construir | Town Center |
| 24:38 | Construir | Building 804 |
| 24:45 | Construir | Stone Wall |
| 24:51 | Construir | House |
| 24:54 | Construir | Stone Wall |
| 25:05 | Crear | Villager (Male) |
| 25:05 | Crear | Villager (Male) |
| 25:10 | Construir | House |
| 25:30 | Crear | Villager (Male) |
| 25:30 | Crear | Villager (Male) |
| 25:30 | Crear | Villager (Male) |
| 25:51 | Construir | Farm |
| 26:31 | Crear | Konnik |
| 26:32 | Crear | Konnik |
| 26:42 | Construir | Farm |
| 26:44 | Construir | Farm |
| 26:50 | Crear | Villager (Male) |
| 26:51 | Crear | Villager (Male) |
| 27:10 | Investigar | Scale Barding Armor |
| 27:17 | Construir | House |
| 27:18 | Construir | House |
| 27:22 | Crear | Villager (Male) |
| 27:29 | Construir | House |
| 27:48 | Construir | Palisade Gate |
| 28:03 | Construir | Building 487 |
| 28:06 | Construir | Stone Wall |
| 28:09 | Construir | Stone Wall |
| 28:17 | Crear | Villager (Male) |
| 28:17 | Crear | Villager (Male) |
| 28:17 | Crear | Villager (Male) |
| 28:18 | Crear | Villager (Male) |
Build order — [PVS] Dante18
Primeras 150 de 300 acciones detectadas
| 0:08 | Construir | Town Center |
| 0:23 | Construir | Dock |
| 0:37 | Construir | House |
| 2:41 | Crear | Villager (Male) |
| 2:41 | Crear | Villager (Male) |
| 2:41 | Crear | Villager (Male) |
| 2:41 | Crear | Villager (Male) |
| 2:41 | Crear | Villager (Male) |
| 2:41 | Crear | Villager (Male) |
| 3:51 | Crear | Fishing Ship |
| 3:51 | Crear | Fishing Ship |
| 3:51 | Crear | Fishing Ship |
| 3:52 | Crear | Fishing Ship |
| 4:01 | Crear | Villager (Male) |
| 4:33 | Crear | Fishing Ship |
| 4:34 | Crear | Fishing Ship |
| 4:34 | Crear | Fishing Ship |
| 4:42 | Construir | House |
| 4:50 | Investigar | Loom |
| 5:16 | Crear | Fishing Ship |
| 5:16 | Crear | Fishing Ship |
| 5:58 | Crear | Villager (Male) |
| 5:58 | Crear | Villager (Male) |
| 6:04 | Crear | Fishing Ship |
| 6:26 | Crear | Villager (Male) |
| 6:27 | Crear | Villager (Male) |
| 6:36 | Construir | House |
| 6:40 | Construir | House |
| 6:42 | Crear | Fishing Ship |
| 6:43 | Crear | Fishing Ship |
| 7:04 | Crear | Villager (Male) |
| 7:36 | Crear | Villager (Male) |
| 7:37 | Crear | Villager (Male) |
| 8:13 | Crear | Villager (Male) |
| 8:30 | Construir | Mill |
| 8:30 | Crear | Villager (Male) |
| 9:11 | Crear | Villager (Male) |
| 9:40 | Crear | Villager (Male) |
| 10:09 | Investigar | Feudal Age |
| 11:16 | Construir | Barracks |
| 11:31 | Construir | House |
| 11:53 | Crear | Villager (Male) |
| 12:12 | Construir | House |
| 12:19 | Edad | Edad Feudal |
| 12:22 | Construir | Stable |
| 12:26 | Crear | Villager (Male) |
| 12:55 | Construir | Lumber Camp |
| 13:06 | Crear | Scout Cavalry |
| 13:07 | Crear | Scout Cavalry |
| 13:22 | Crear | Villager (Male) |
| 13:23 | Crear | Villager (Male) |
| 13:48 | Investigar | Double-Bit Axe |
| 13:53 | Construir | House |
| 13:54 | Construir | House |
| 13:57 | Crear | Villager (Male) |
| 13:58 | Crear | Scout Cavalry |
| 14:00 | Crear | Scout Cavalry |
| 14:07 | Construir | Blacksmith |
| 14:29 | Crear | Villager (Male) |
| 14:34 | Construir | House |
| 14:56 | Crear | Villager (Male) |
| 15:27 | Crear | Villager (Male) |
| 15:48 | Construir | Farm |
| 15:48 | Construir | Farm |
| 15:48 | Construir | Farm |
| 15:49 | Construir | Farm |
| 15:49 | Construir | Farm |
| 15:49 | Construir | Farm |
| 15:49 | Construir | Farm |
| 15:50 | Construir | Farm |
| 15:50 | Construir | Farm |
| 16:17 | Crear | Villager (Male) |
| 16:20 | Investigar | Horse Collar |
| 16:33 | Crear | Villager (Male) |
| 16:55 | Crear | Villager (Male) |
| 17:20 | Construir | Watch Tower |
| 17:30 | Crear | Villager (Male) |
| 17:53 | Construir | Watch Tower |
| 18:03 | Crear | Villager (Male) |
| 18:11 | Crear | Villager (Male) |
| 18:20 | Crear | Scout Cavalry |
| 18:25 | Crear | Scout Cavalry |
| 18:38 | Construir | Farm |
| 18:38 | Construir | Farm |
| 18:38 | Construir | Farm |
| 18:39 | Construir | Farm |
| 18:39 | Construir | Farm |
| 18:39 | Construir | Farm |
| 18:39 | Construir | Farm |
| 18:40 | Construir | Farm |
| 18:40 | Construir | Farm |
| 18:40 | Construir | Farm |
| 18:40 | Construir | Farm |
| 18:40 | Construir | Farm |
| 19:07 | Investigar | Padded Archer Armor |
| 19:28 | Crear | Villager (Male) |
| 19:29 | Crear | Villager (Male) |
| 19:42 | Construir | House |
| 19:43 | Construir | House |
| 19:46 | Construir | Market |
| 20:08 | Crear | Villager (Male) |
| 20:45 | Crear | Villager (Male) |
| 20:46 | Crear | Villager (Male) |
| 21:08 | Crear | Villager (Male) |
| 21:12 | Construir | Mining Camp |
| 21:25 | Crear | Villager (Male) |
| 21:32 | Investigar | Fletching |
| 21:42 | Crear | Villager (Male) |
| 22:27 | Crear | Villager (Male) |
| 22:31 | Investigar | Wheelbarrow |
| 22:34 | Construir | Lumber Camp |
| 22:43 | Construir | Mining Camp |
| 22:45 | Crear | Villager (Male) |
| 24:03 | Crear | Villager (Male) |
| 24:33 | Investigar | Castle Age |
| 25:00 | Investigar | Gold Mining |
| 25:03 | Investigar | Bloodlines |
| 25:44 | Crear | Villager (Male) |
| 25:51 | Construir | Archery Range |
| 25:51 | Construir | Archery Range |
| 26:20 | Crear | Villager (Male) |
| 27:19 | Edad | Edad de los Castillos |
| 27:25 | Crear | Villager (Male) |
| 27:28 | Crear | Cavalry Archer |
| 27:28 | Crear | Cavalry Archer |
| 27:29 | Crear | Cavalry Archer |
| 27:29 | Crear | Cavalry Archer |
| 27:29 | Crear | Cavalry Archer |
| 27:30 | Crear | Cavalry Archer |
| 27:50 | Construir | Dock |
| 27:53 | Crear | Villager (Male) |
| 28:11 | Investigar | Bodkin Arrow |
| 28:14 | Crear | Cavalry Archer |
| 28:15 | Crear | Cavalry Archer |
| 28:20 | Construir | House |
| 28:22 | Construir | House |
| 28:24 | Construir | House |
| 29:00 | Crear | Villager (Male) |
| 29:17 | Crear | Cavalry Archer |
| 29:18 | Crear | Cavalry Archer |
| 29:18 | Crear | Cavalry Archer |
| 29:18 | Crear | Cavalry Archer |
| 30:03 | Construir | Dock |
| 30:05 | Crear | Villager (Male) |
| 30:05 | Crear | Villager (Male) |
| 30:08 | Construir | House |
| 30:09 | Construir | House |
| 30:22 | Crear | Villager (Male) |
| 30:34 | Crear | Archer |
| 30:35 | Crear | Archer |
Build order — [PVS] ElDiaz
Primeras 150 de 452 acciones detectadas
| 0:07 | Construir | Town Center |
| 0:13 | Construir | House |
| 1:21 | Construir | House |
| 1:24 | Construir | Palisade Wall |
| 2:04 | Construir | Palisade Wall |
| 2:28 | Crear | Villager (Male) |
| 2:28 | Crear | Villager (Male) |
| 2:28 | Crear | Villager (Male) |
| 2:29 | Crear | Villager (Male) |
| 2:29 | Crear | Villager (Male) |
| 2:29 | Crear | Villager (Male) |
| 4:30 | Crear | Villager (Male) |
| 4:30 | Crear | Villager (Male) |
| 4:54 | Crear | Villager (Male) |
| 4:54 | Crear | Villager (Male) |
| 4:59 | Construir | Dock |
| 5:03 | Crear | Villager (Male) |
| 5:22 | Crear | Villager (Male) |
| 5:22 | Crear | Villager (Male) |
| 5:41 | Crear | Villager (Male) |
| 5:48 | Construir | Palisade Wall |
| 5:51 | Construir | Palisade Wall |
| 6:03 | Construir | Palisade Wall |
| 6:10 | Crear | Fishing Ship |
| 6:10 | Crear | Fishing Ship |
| 6:10 | Crear | Fishing Ship |
| 6:26 | Crear | Villager (Male) |
| 6:53 | Investigar | Loom |
| 6:56 | Construir | House |
| 7:01 | Crear | Villager (Male) |
| 7:02 | Crear | Villager (Male) |
| 7:09 | Crear | Fishing Ship |
| 7:10 | Crear | Fishing Ship |
| 7:33 | Crear | Villager (Male) |
| 7:33 | Crear | Villager (Male) |
| 7:33 | Crear | Villager (Male) |
| 7:34 | Crear | Villager (Male) |
| 7:34 | Crear | Villager (Male) |
| 7:36 | Crear | Villager (Male) |
| 7:36 | Crear | Villager (Male) |
| 8:05 | Crear | Villager (Male) |
| 8:14 | Crear | Villager (Male) |
| 8:24 | Construir | Mill |
| 8:31 | Crear | Villager (Male) |
| 8:31 | Crear | Villager (Male) |
| 8:51 | Construir | House |
| 9:08 | Crear | Villager (Male) |
| 9:13 | Construir | House |
| 9:22 | Crear | Villager (Male) |
| 9:31 | Crear | Villager (Male) |
| 9:48 | Crear | Villager (Male) |
| 10:08 | Crear | Villager (Male) |
| 10:19 | Investigar | Feudal Age |
| 10:19 | Investigar | Feudal Age |
| 10:36 | Construir | Barracks |
| 11:31 | Crear | Villager (Male) |
| 12:24 | Edad | Edad Feudal |
| 12:25 | Construir | Stable |
| 12:28 | Crear | Villager (Male) |
| 12:32 | Construir | Mining Camp |
| 12:35 | Construir | Lumber Camp |
| 12:37 | Crear | Villager (Male) |
| 12:47 | Investigar | Wheelbarrow |
| 12:54 | Construir | Building 804 |
| 13:02 | Construir | Building 796 |
| 13:06 | Crear | Fire Galley |
| 13:06 | Crear | Fire Galley |
| 13:11 | Crear | Scout Cavalry |
| 13:11 | Crear | Scout Cavalry |
| 13:12 | Crear | Scout Cavalry |
| 13:14 | Crear | Villager (Male) |
| 13:20 | Construir | House |
| 13:45 | Construir | Palisade Wall |
| 13:51 | Construir | Palisade Wall |
| 13:52 | Crear | Villager (Male) |
| 13:57 | Investigar | Double-Bit Axe |
| 14:23 | Crear | Scout Cavalry |
| 14:24 | Crear | Villager (Male) |
| 14:42 | Crear | Villager (Male) |
| 14:47 | Construir | House |
| 15:26 | Crear | Scout Cavalry |
| 15:33 | Construir | House |
| 15:35 | Construir | House |
| 15:36 | Construir | House |
| 16:03 | Crear | Villager (Male) |
| 16:03 | Crear | Villager (Male) |
| 16:03 | Crear | Villager (Male) |
| 16:37 | Crear | Villager (Male) |
| 16:40 | Construir | Mining Camp |
| 16:48 | Crear | Villager (Male) |
| 16:51 | Construir | Farm |
| 16:51 | Construir | Farm |
| 16:51 | Construir | Farm |
| 16:52 | Construir | Farm |
| 16:54 | Crear | Villager (Male) |
| 16:55 | Construir | House |
| 16:57 | Construir | House |
| 17:20 | Crear | Villager (Male) |
| 17:24 | Investigar | Horse Collar |
| 17:29 | Construir | House |
| 17:40 | Crear | Fishing Ship |
| 17:46 | Crear | Villager (Male) |
| 18:01 | Crear | Villager (Male) |
| 18:01 | Crear | Villager (Male) |
| 18:10 | Crear | Villager (Male) |
| 18:27 | Crear | Fishing Ship |
| 18:38 | Construir | Mill |
| 18:58 | Crear | Demolition Raft |
| 18:58 | Crear | Demolition Raft |
| 19:14 | Construir | Market |
| 19:18 | Construir | Market |
| 19:21 | Construir | House |
| 19:40 | Crear | Villager (Male) |
| 20:06 | Crear | Villager (Male) |
| 20:11 | Construir | Farm |
| 20:15 | Construir | Farm |
| 20:56 | Crear | Villager (Male) |
| 20:58 | Crear | Villager (Male) |
| 20:58 | Crear | Villager (Male) |
| 21:07 | Crear | Villager (Male) |
| 21:16 | Construir | Blacksmith |
| 21:24 | Investigar | Castle Age |
| 21:33 | Crear | Villager (Male) |
| 21:50 | Construir | Stable |
| 22:08 | Construir | House |
| 22:13 | Investigar | Scale Barding Armor |
| 22:14 | Investigar | Forging |
| 22:20 | Construir | Palisade Wall |
| 22:22 | Construir | Palisade Wall |
| 22:39 | Crear | Villager (Male) |
| 22:54 | Investigar | Bloodlines |
| 22:54 | Investigar | Bloodlines |
| 23:24 | Crear | Demolition Raft |
| 23:24 | Crear | Demolition Raft |
| 23:38 | Construir | Dock |
| 23:43 | Construir | Palisade Wall |
| 23:45 | Crear | Villager (Male) |
| 23:50 | Edad | Edad de los Castillos |
| 23:51 | Crear | Knight |
| 23:51 | Crear | Knight |
| 23:52 | Crear | Knight |
| 24:16 | Crear | Demolition Raft |
| 24:17 | Crear | Demolition Raft |
| 24:22 | Investigar | War Galley (upgrade) |
| 24:22 | Investigar | War Galley (upgrade) |
| 24:22 | Investigar | War Galley (upgrade) |
| 24:31 | Crear | Villager (Male) |
| 24:31 | Crear | Villager (Male) |
| 24:34 | Construir | Farm |
| 24:34 | Construir | Farm |
Cronología de la partida
| 0:23 | [PVS] Dante18 · first_building Dock |
| 0:40 | omnomnomnivore · wall_segment Palisade Wall x1 |
| 0:41 | omnomnomnivore · wall_segment Palisade Wall x1 |
| 0:45 | omnomnomnivore · wall_segment Palisade Wall x1 |
| 1:11 | Turkalibx · first_building Dock |
| 1:21 | Libet · first_building Dock |
| 1:24 | [PVS] ElDiaz · wall_segment Palisade Wall x1 |
| 1:29 | TigerBitePig · first_building Dock |
| 1:54 | omnomnomnivore · first_building Dock |
| 2:04 | [PVS] ElDiaz · wall_segment Palisade Wall x1 |
| 2:07 | AM | Nitto · first_building Dock |
| 4:21 | [PVS] ELCAPI · first_building Dock |
| 4:59 | [PVS] ElDiaz · first_building Dock |
| 5:48 | [PVS] ElDiaz · wall_segment Palisade Wall x1 |
| 5:51 | [PVS] ElDiaz · wall_segment Palisade Wall x1 |
| 6:03 | [PVS] ElDiaz · wall_segment Palisade Wall x1 |
| 9:06 | AM | Nitto · wall_segment Palisade Wall x4 |
| 10:36 | [PVS] ElDiaz · first_building Barracks |
| 10:37 | TigerBitePig · wall_segment Palisade Wall x9 |
| 11:16 | [PVS] Dante18 · first_building Barracks |
| 11:16 | TigerBitePig · wall_segment Palisade Wall x12 |
| 11:16 | Turkalibx · wall_segment Palisade Wall x5 |
| 11:45 | TigerBitePig · wall_segment Palisade Wall x5 |
| 11:48 | TigerBitePig · wall_segment Palisade Wall x4 |
| 11:49 | Turkalibx · wall_segment Palisade Wall x13 |
| 11:50 | TigerBitePig · wall_segment Palisade Wall x4 |
| 11:59 | TigerBitePig · wall_segment Palisade Wall x14 |
| 12:19 | [PVS] Dante18 · age_up feudal |
| 12:22 | [PVS] Dante18 · first_building Stable |
| 12:24 | [PVS] ElDiaz · age_up feudal |
| 12:25 | [PVS] ElDiaz · first_building Stable |
| 12:35 | AM | Nitto · age_up feudal |
| 12:47 | TigerBitePig · wall_segment Palisade Wall x6 |
| 12:55 | TigerBitePig · wall_segment Palisade Wall x3 |
| 13:08 | TigerBitePig · wall_segment Palisade Wall x1 |
| 13:13 | TigerBitePig · wall_segment Palisade Wall x1 |
| 13:28 | Libet · age_up feudal |
| 13:31 | Turkalibx · age_up feudal |
| 13:41 | TigerBitePig · first_building Barracks |
| 13:45 | TigerBitePig · age_up feudal |
| 13:45 | [PVS] ElDiaz · wall_segment Palisade Wall x11 |
| 13:50 | [PVS] ELCAPI · age_up feudal |
| 13:51 | [PVS] ElDiaz · wall_segment Palisade Wall x5 |
| 14:33 | omnomnomnivore · age_up feudal |
| 15:06 | Turkalibx · wall_segment Palisade Wall x9 |
| 15:30 | TigerBitePig · first_building Archery Range |
| 15:51 | Turkalibx · wall_segment Stone Wall x2 |
| 16:09 | [PVS] ELCAPI · first_building Barracks |
| 16:12 | omnomnomnivore · wall_segment Palisade Wall x1 |
| 16:46 | omnomnomnivore · wall_segment Palisade Wall x1 |
| 16:58 | omnomnomnivore · wall_segment Palisade Wall x1 |
| 17:00 | omnomnomnivore · wall_segment Palisade Wall x1 |
| 17:31 | Turkalibx · wall_segment Palisade Wall x1 |
| 17:32 | Turkalibx · wall_segment Palisade Wall x1 |
| 17:33 | Turkalibx · wall_segment Palisade Wall x1 |
| 17:45 | Libet · age_up castle |
| 17:50 | omnomnomnivore · first_building Barracks |
| 17:52 | omnomnomnivore · wall_segment Palisade Wall x1 |
| 18:08 | Turkalibx · wall_segment Stone Wall x2 |
| 18:39 | [PVS] ELCAPI · age_up castle |
| 18:50 | AM | Nitto · wall_segment Palisade Wall x6 |
| 18:53 | AM | Nitto · first_market_buy 100 food |
| 18:59 | TigerBitePig · age_up castle |
| 19:11 | Libet · wall_segment Palisade Wall x2 |
| 19:21 | AM | Nitto · wall_segment Palisade Wall x5 |
| 19:23 | AM | Nitto · wall_segment Palisade Wall x8 |
| 20:13 | Libet · first_market_buy 100 food |
| 20:34 | [PVS] ELCAPI · first_building Siege Workshop |
| 20:49 | Turkalibx · first_building Barracks |
| 21:12 | [PVS] ElDiaz · first_market_sell 100 wood |
| 21:20 | [PVS] ElDiaz · first_market_buy 100 food |
| 21:22 | omnomnomnivore · first_market_sell 100 food |
| 21:27 | Turkalibx · wall_segment Palisade Wall x12 |
| 22:02 | AM | Nitto · wall_segment Palisade Wall x6 |
| 22:20 | [PVS] ElDiaz · wall_segment Palisade Wall x1 |
| 22:22 | [PVS] ElDiaz · wall_segment Palisade Wall x1 |
| 22:31 | AM | Nitto · age_up castle |
| 23:19 | Turkalibx · age_up castle |
| 23:30 | Turkalibx · first_market_buy 100 stone |
| 23:39 | Turkalibx · first_building Krepost |
| 23:43 | [PVS] ElDiaz · wall_segment Palisade Wall x8 |
| 23:50 | [PVS] ElDiaz · age_up castle |
| 23:56 | Libet · first_building Barracks |
| 24:05 | omnomnomnivore · age_up castle |
| 24:45 | Turkalibx · wall_segment Stone Wall x3 |
| 24:54 | Turkalibx · wall_segment Stone Wall x1 |
| 25:49 | Libet · first_building Castle |
| 25:51 | [PVS] Dante18 · first_building Archery Range |
| 26:47 | AM | Nitto · first_building Siege Workshop |
| 27:19 | [PVS] Dante18 · age_up castle |
| 28:06 | Turkalibx · wall_segment Stone Wall x8 |
| 28:09 | Turkalibx · wall_segment Stone Wall x8 |
| 28:11 | [PVS] ELCAPI · first_market_sell 100 wood |
| 29:06 | Libet · wall_segment Stone Wall x1 |
| 29:28 | TigerBitePig · first_building Castle |
| 29:54 | [PVS] ElDiaz · first_building Siege Workshop |
| 30:36 | omnomnomnivore · first_building Siege Workshop |
| 30:44 | Turkalibx · first_building Siege Workshop |
| 30:56 | Libet · wall_segment Stone Wall x9 |
| 31:10 | Libet · wall_segment Stone Wall x9 |
| 31:21 | Libet · wall_segment Stone Wall x14 |
| 31:22 | Turkalibx · wall_segment Stone Wall x6 |
| 31:28 | Libet · wall_segment Stone Wall x6 |
| 31:35 | Libet · wall_segment Stone Wall x9 |
| 32:28 | Libet · first_market_sell 100 wood |
| 33:02 | omnomnomnivore · first_market_buy 100 food |
| 33:18 | [PVS] Dante18 · first_market_sell 100 food |
| 33:19 | [PVS] Dante18 · first_market_buy 100 wood |
| 33:21 | Libet · wall_segment Stone Wall x8 |
| 33:24 | [PVS] ElDiaz · first_building Castle |
| 33:55 | AM | Nitto · first_market_sell 100 food |
| 34:19 | [PVS] Dante18 · first_building Castle |
| 34:59 | [PVS] ELCAPI · first_market_buy 100 wood |
| 36:08 | Libet · age_up imperial |
| 36:18 | TigerBitePig · first_market_sell 100 food |
| 36:38 | Turkalibx · first_building Castle |
| 36:59 | Turkalibx · first_building Stable |
| 37:31 | Turkalibx · first_building Monastery |
| 37:37 | [PVS] ELCAPI · first_building Castle |
| 38:16 | omnomnomnivore · first_building Monastery |
| 38:19 | omnomnomnivore · first_building Castle |
| 39:06 | AM | Nitto · first_building Barracks |
| 39:08 | Turkalibx · wall_segment Stone Wall x12 |
| 39:11 | Turkalibx · wall_segment Stone Wall x3 |
| 39:31 | TigerBitePig · age_up imperial |
| 40:04 | Libet · wall_segment Stone Wall x12 |
| 40:06 | Libet · wall_segment Stone Wall x14 |
| 41:22 | omnomnomnivore · first_building Stable |
| 41:45 | Turkalibx · first_market_sell 100 food |
| 41:58 | [PVS] Dante18 · age_up imperial |
| 41:59 | [PVS] ElDiaz · first_building Archery Range |
| 42:03 | AM | Nitto · first_building Archery Range |
| 42:16 | AM | Nitto · first_building Monastery |
| 43:19 | TigerBitePig · first_market_buy 100 food |
| 43:59 | [PVS] ElDiaz · wall_segment Stone Wall x1 |
| 44:19 | [PVS] ElDiaz · age_up imperial |
| 45:39 | Turkalibx · wall_segment Stone Wall x6 |
| 45:46 | Turkalibx · age_up imperial |
| 46:42 | AM | Nitto · age_up imperial |
| 46:57 | [PVS] ElDiaz · resign |
| 47:08 | omnomnomnivore · age_up imperial |
[ ANÁLISIS IA · 1 CRÉDITO ]
¿Qué pasó realmente en esta partida?
Wolo.gg analiza cada decisión: build order, eco, micro, errores típicos por bracket. Análisis personalizado por WhatsApp o Discord en 30 segundos.
Guía civ
Vikingos
Guía mapa
Nomad
Perfil
Libet